 Dungeon Crawl Stone Soup version 0.25.1-2-g60ff931df9 (webtiles) character file.

Game seed: 6801571136082257073

163 Martska the Skirmisher (level 5, -11/47 HPs)
             Began as a Minotaur Fighter on Oct 4, 2020.
             Killed by nerve-wracking pain
             ... invoked by an orc priest
              (13 damage)
             ... on level 3 of the Dungeon.
             The game lasted 00:02:08 (1390 turns).

Martska the Skirmisher (Minotaur Fighter)           Turns: 1390, Time: 00:02:08

Health: -11/47     AC:  7    Str: 20    XL:     5   Next: 20%
Magic:  4/4        EV:  8    Int:  5    God:
Gold:   133        SH:  9    Dex: 11    Spells: 4/4 levels left

rFire    . . .     SeeInvis .   a - +0 war axe
rCold    . . .     Gourm    .   c - +0 kite shield
rNeg     . . .     Faith    .   b - +0 scale mail
rPois    .         Spirit   .   (helmet restricted)
rElec    .         Reflect  .   (no cloak)
rCorr    .         Harm     .   (no gloves)
MR       .....                  (no boots)
Stlth    ..........             (no amulet)
HPRegen  0.15/turn              (no ring)
MPRegen  0.09/turn              (no ring)

@: no status effects
A: retaliatory headbutt, horns 2
a: no special abilities


You were on level 3 of the Dungeon.
You were not hungry.

You visited 1 branch of the dungeon, and saw 3 of its levels.

You collected 133 gold pieces.

Inventory:

Hand Weapons
 a - a +0 war axe (weapon)
Armour
 b - a +0 scale mail (worn)
 c - a +0 kite shield (worn)
Scrolls
 i - 2 scrolls of remove curse {unknown}
 k - 2 scrolls of identify {unknown}
 m - a scroll of enchant armour {unknown}
 n - a scroll of teleportation {unknown}
Potions
 d - 3 potions of might
 e - 3 potions of curing {unknown}
 h - a potion of mutation {unknown}
 j - 2 potions of lignification {unknown}
 l - 2 potions of heal wounds {unknown}
 o - a potion of flight {unknown}
Comestibles
 f - 3 rations


   Skills:
 * Level 4.8 Fighting
 * Level 3.8 Axes
 * Level 4.7 Armour
 * Level 2.4 Dodging
 - Level 3.6 Shields


You had 4 spell levels left.
You didn't know any spells.
Your spell library was empty.

Dungeon Overview and Level Annotations

Branches:
Dungeon (3/15)

Altars:
Ru


Innate Abilities, Weirdness & Mutations

You reflexively headbutt those who attack you in melee.
You have a pair of horns on your head.


Message History

You hit the orc priest. Your headbutt misses the orc priest.
The orc priest is severely wounded.
You block the orc priest's attack.
The orc priest looks satisfied for a moment.
The orc priest hits you from afar with a +0 trident.
* * * LOW HITPOINT WARNING * * *
Your shield and scale mail prevent you from hitting the orc priest.
The orc priest is severely wounded.
You block the orc priest's attack. x2
You slash the orc priest!
You kill the orc priest!
You have reached level 5!
* * * LOW HITPOINT WARNING * * *
You feel sick.
You are no longer poisoned.
The orc priest hits you but does no damage.
You see here a poisoned dart.
The orc priest mumbles some strange prayers to Beogh against you.
Pain shoots through your body!
You die...

#. .. #.
#.## . #...
.. #..#
#.###..####
###.....@..#
......†(##.#
......).##.#
...[##)o##.#
... #..##<#
.. #..##.#
...##.#
##..##.#
......#


You could see an orc priest.

Vanquished Creatures
  An orc priest (D:3)
  Jessica (D:2)
  4 adders
  An ooze (D:1)
  A worm (D:2)
  2 dart slugs (D:1)
  5 leopard geckos
  3 orcs (D:3)
  A ball python (D:1)
  2 giant cockroaches (D:2)
  8 hobgoblins
  2 jackals (D:1)
  4 kobolds
  10 bats
  4 frilled lizards
  3 goblins (D:1)
  8 rats
60 creatures vanquished.

Notes
Turn   | Place    | Note
-------+----------+-------------------------------------------
     0 | D:1      | Martska the Minotaur Fighter began the quest for the Orb.
     0 | D:1      | Reached XP level 1. HP: 19/19 MP: 0/0
    34 | D:1      | Reached XP level 2. HP: 26/27 MP: 1/1
   119 | D:1      | Reached skill level 1 in Dodging
   369 | D:1      | Reached XP level 3. HP: 30/33 MP: 2/2
   739 | D:2      | Noticed Jessica
   745 | D:2      | Killed Jessica
   745 | D:2      | Reached XP level 4. HP: 39/41 MP: 3/3
  1282 | D:2      | Found a sacrificial altar of Ru.
  1386 | D:3      | HP: 1/41 [orc priest/+0 trident (3)]
  1388 | D:3      | Reached XP level 5. HP: 2/47 MP: 4/4
  1390 | D:3      | Killed from afar by an orc priest

Illustrated notes

Levels and vault maps discovered:
D:1:      psy_arrival_whirlpool, layout_rooms, st_stairs_3
D:2:      layout_basic, hangedman_ru_absence, uniq_jessica
D:3:      layout_loops_ring, first_ration, nrook_loot_triangle,
          grunt_ashenzari_visionary [grunt_ashenzari_visionary_shoals,
          grunt_ashenzari_visionary_snake]

Skill      XL: |  1  2  3  4 |
---------------+-------------+-----
Dodging        | 1 2 |  2.4
Fighting       | 4 |  4.8
Armour         | 4 |  4.7
Axes           | 3 |  3.8
Shields        | |  3.6

Action                   |  1- 3 |  4- 6 || total
-------------------------+-------+-------++-------
Melee: War axe           |    74 |    44 ||   118
       Headbutt          |     9 |     4 ||    13
  Eat: Chunk             |       |     2 ||     2
Armor: Scale mail        |    46 |    17 ||    63
Dodge: Dodged            |    26 |    17 ||    43
Block: Kite shield       |    55 |    31 ||    86
